[ AOE2 MATCH · #507172320 ]
UnrankedGeorgians vs Lithuanians
Player's team · LOSS
[ REPLAY ANALYSIS · EXTRACTED FROM THE RECORDED GAME ]
Feudal
8:51
Castle
20:10
Imperial
38:36
| APM avg | 97.5 |
| APM peak | 134 |
| eAPM avg | 51.7 |
| Villagers / military | 140 / 119 |
Focus
⚔️ 70.5% · 🌾 29.5%
Cavalry Archer ×107 · Scout Cavalry ×5 · Monk ×2 · Archer ×2 · Mangonel ×2 · Spearman ×1
Feudal
9:16
Castle
19:06
Imperial
37:51
| APM avg | 70.5 |
| APM peak | 97 |
| eAPM avg | 34.6 |
| Villagers / military | 246 / 116 |
Focus
⚔️ 35.8% · 🌾 64.2%
Cavalry Archer ×103 · Monk ×3 · Mangonel ×3 · Spearman ×3 · Scout Cavalry ×3 · Leitis ×1
Match map
Initial resources + every placement click. Lines = walls · curves = elevation contours. ◆ gold · ⬟ stone · ● berries · ✦ relic · ◌ wall gap
Your base· ✓ Closed at 20:10 · 42t walls · 2 gate(s)
LE | WilliamS's base· ✓ Closed at 19:06 · 37t walls · 1 gate(s)
Smoothed initial terrain · ◌ = detected wall gap · hover for details
Inputs per minute
— Saturno 1343 - - LE | WilliamS
Build order — Saturno 1343
First 150 of 379 actions detected
| 0:00 | Queue | Villager (Male) |
| 0:01 | Queue | Villager (Male) |
| 0:02 | Build | House |
| 0:02 | Build | House |
| 0:08 | Queue | Villager (Male) |
| 0:09 | Queue | Villager (Male) |
| 1:09 | Queue | Villager (Male) |
| 1:46 | Queue | Villager (Male) |
| 1:47 | Queue | Villager (Male) |
| 2:08 | Queue | Villager (Male) |
| 2:47 | Queue | Villager (Male) |
| 3:08 | Queue | Villager (Male) |
| 3:08 | Queue | Villager (Male) |
| 3:28 | Queue | Villager (Male) |
| 3:41 | Queue | Villager (Male) |
| 3:48 | Build | House |
| 4:02 | Queue | Villager (Male) |
| 4:07 | Queue | Villager (Male) |
| 4:12 | Queue | Villager (Male) |
| 4:39 | Queue | Villager (Male) |
| 4:42 | Queue | Villager (Male) |
| 4:44 | Queue | Villager (Male) |
| 5:12 | Build | Mill |
| 5:59 | Research | Loom |
| 6:26 | Research | Feudal Age |
| 6:57 | Build | Mule Cart |
| 8:00 | Queue | Villager (Male) |
| 8:01 | Build | House |
| 8:27 | Queue | Villager (Male) |
| 8:38 | Build | Barracks |
| 8:51 | Age | Feudal Age |
| 8:53 | Research | Double-Bit Axe |
| 8:59 | Queue | Villager (Male) |
| 9:11 | Build | House |
| 9:23 | Queue | Villager (Male) |
| 9:30 | Build | Stable |
| 9:38 | Queue | Villager (Male) |
| 9:43 | Queue | Villager (Male) |
| 9:49 | Queue | Villager (Male) |
| 9:58 | Build | House |
| 10:04 | Queue | Villager (Male) |
| 10:09 | Queue | Scout Cavalry |
| 10:13 | Queue | Scout Cavalry |
| 10:14 | Queue | Villager (Male) |
| 10:22 | Build | Farm |
| 10:22 | Queue | Villager (Male) |
| 10:23 | Build | Farm |
| 10:33 | Build | Palisade Wall |
| 10:35 | Build | Palisade Wall |
| 10:43 | Queue | Spearman |
| 10:50 | Research | Horse Collar |
| 10:50 | Queue | Villager (Male) |
| 11:02 | Build | House |
| 11:06 | Build | Palisade Wall |
| 11:07 | Queue | Villager (Male) |
| 11:25 | Build | Palisade Wall |
| 11:31 | Build | Farm |
| 11:32 | Build | Farm |
| 11:33 | Build | Farm |
| 11:48 | Queue | Villager (Male) |
| 11:52 | Queue | Villager (Male) |
| 12:02 | Build | Farm |
| 12:12 | Build | Farm |
| 12:13 | Build | Farm |
| 12:17 | Build | Farm |
| 12:27 | Queue | Villager (Male) |
| 12:54 | Queue | Villager (Male) |
| 12:55 | Build | House |
| 13:06 | Build | Farm |
| 13:06 | Build | Farm |
| 13:11 | Queue | Scout Cavalry |
| 13:20 | Build | Palisade Wall |
| 13:42 | Queue | Villager (Male) |
| 13:44 | Build | House |
| 13:47 | Queue | Scout Cavalry |
| 13:51 | Queue | Villager (Male) |
| 13:55 | Build | Palisade Wall |
| 14:01 | Queue | Villager (Male) |
| 14:08 | Queue | Scout Cavalry |
| 14:19 | Queue | Villager (Male) |
| 14:24 | Build | Palisade Gate |
| 14:27 | Build | Palisade Gate |
| 14:29 | Build | Palisade Wall |
| 14:34 | Queue | Villager (Male) |
| 14:38 | Queue | Villager (Male) |
| 14:42 | Build | Palisade Wall |
| 14:46 | Queue | Villager (Male) |
| 14:57 | Queue | Villager (Male) |
| 15:00 | Build | Market |
| 15:02 | Queue | Villager (Male) |
| 15:05 | Build | Mule Cart |
| 15:09 | Queue | Villager (Male) |
| 15:12 | Queue | Villager (Male) |
| 15:30 | Queue | Villager (Male) |
| 15:32 | Queue | Villager (Male) |
| 15:46 | Queue | Villager (Male) |
| 15:48 | Build | Blacksmith |
| 15:50 | Queue | Villager (Male) |
| 15:56 | Build | Farm |
| 15:56 | Build | Farm |
| 16:02 | Queue | Villager (Male) |
| 16:08 | Build | Farm |
| 16:10 | Queue | Villager (Male) |
| 16:18 | Queue | Villager (Male) |
| 16:25 | Queue | Villager (Male) |
| 16:54 | Queue | Villager (Male) |
| 17:08 | Build | Farm |
| 17:30 | Research | Castle Age |
| 17:31 | Research | Castle Age |
| 17:35 | Build | Farm |
| 17:37 | Queue | Villager (Male) |
| 18:19 | Research | Gold Mining |
| 18:31 | Research | Bloodlines |
| 18:37 | Build | Archery Range |
| 18:47 | Build | Archery Range |
| 18:56 | Research | Fletching |
| 19:51 | Queue | Villager (Male) |
| 20:07 | Queue | Villager (Male) |
| 20:10 | Age | Castle Age |
| 20:13 | Queue | Cavalry Archer |
| 20:13 | Queue | Cavalry Archer |
| 20:15 | Research | Bodkin Arrow |
| 20:19 | Build | Monastery |
| 20:27 | Queue | Villager (Male) |
| 20:31 | Queue | Cavalry Archer |
| 20:32 | Queue | Cavalry Archer |
| 20:42 | Research | Padded Archer Armor |
| 20:48 | Build | Farm |
| 20:52 | Queue | Cavalry Archer |
| 20:59 | Queue | Villager (Male) |
| 21:06 | Build | Farm |
| 21:13 | Queue | Cavalry Archer |
| 21:16 | Queue | Villager (Male) |
| 21:25 | Build | Archery Range |
| 21:27 | Queue | Villager (Male) |
| 21:30 | Queue | Cavalry Archer |
| 21:32 | Queue | Villager (Male) |
| 21:34 | Build | House |
| 21:44 | Research | Husbandry |
| 21:45 | Queue | Cavalry Archer |
| 21:45 | Queue | Cavalry Archer |
| 21:53 | Queue | Villager (Male) |
| 21:55 | Queue | Cavalry Archer |
| 22:03 | Queue | Villager (Male) |
| 22:07 | Queue | Cavalry Archer |
| 22:07 | Queue | Cavalry Archer |
| 22:17 | Queue | Villager (Male) |
| 22:22 | Build | University |
| 22:25 | Queue | Cavalry Archer |
| 22:25 | Queue | Cavalry Archer |
Build order — LE | WilliamS
First 150 of 547 actions detected
| 0:01 | Queue | Villager (Male) |
| 0:01 | Queue | Villager (Male) |
| 0:02 | Build | House |
| 0:03 | Build | House |
| 0:04 | Queue | Villager (Male) |
| 0:09 | Queue | Villager (Male) |
| 0:09 | Queue | Villager (Male) |
| 0:10 | Queue | Villager (Male) |
| 1:25 | Queue | Villager (Male) |
| 1:48 | Queue | Villager (Male) |
| 1:48 | Queue | Villager (Male) |
| 2:20 | Build | Mill |
| 2:22 | Queue | Villager (Male) |
| 3:04 | Queue | Villager (Male) |
| 3:04 | Queue | Villager (Male) |
| 3:23 | Queue | Villager (Male) |
| 3:24 | Queue | Villager (Male) |
| 3:41 | Build | House |
| 3:42 | Build | House |
| 4:33 | Queue | Villager (Male) |
| 4:42 | Build | House |
| 4:51 | Queue | Villager (Male) |
| 4:56 | Queue | Villager (Male) |
| 4:58 | Queue | Villager (Male) |
| 5:20 | Build | Lumber Camp |
| 5:29 | Research | Loom |
| 5:35 | Queue | Villager (Male) |
| 5:38 | Research | Loom |
| 6:34 | Build | Lumber Camp |
| 6:41 | Research | Feudal Age |
| 6:41 | Research | Feudal Age |
| 6:57 | Build | Palisade Wall |
| 7:04 | Build | Palisade Wall |
| 7:25 | Build | Palisade Wall |
| 7:26 | Build | Palisade Wall |
| 7:50 | Build | House |
| 7:51 | Build | Palisade Wall |
| 8:00 | Queue | Villager (Male) |
| 8:17 | Build | Barracks |
| 9:16 | Age | Feudal Age |
| 9:17 | Build | Stable |
| 9:18 | Build | House |
| 9:19 | Build | Palisade Wall |
| 9:21 | Research | Double-Bit Axe |
| 9:22 | Queue | Spearman |
| 9:24 | Queue | Villager (Male) |
| 9:28 | Queue | Villager (Male) |
| 9:39 | Build | Palisade Wall |
| 9:49 | Build | Mill |
| 9:59 | Queue | Scout Cavalry |
| 10:00 | Queue | Scout Cavalry |
| 10:06 | Queue | Villager (Male) |
| 10:26 | Research | Horse Collar |
| 10:27 | Research | Horse Collar |
| 10:30 | Build | Palisade Wall |
| 10:32 | Build | Palisade Wall |
| 10:39 | Build | Palisade Gate |
| 10:48 | Build | Farm |
| 10:55 | Queue | Villager (Male) |
| 10:57 | Build | Farm |
| 11:13 | Build | Farm |
| 11:17 | Queue | Villager (Male) |
| 11:28 | Queue | Villager (Male) |
| 11:34 | Build | House |
| 11:40 | Build | Farm |
| 11:50 | Build | Farm |
| 11:55 | Queue | Scout Cavalry |
| 11:58 | Build | Farm |
| 12:03 | Queue | Villager (Male) |
| 12:10 | Build | Farm |
| 12:27 | Build | Farm |
| 12:33 | Build | Farm |
| 12:38 | Queue | Villager (Male) |
| 12:50 | Queue | Villager (Male) |
| 12:53 | Build | Farm |
| 13:01 | Queue | Villager (Male) |
| 13:03 | Build | Farm |
| 13:12 | Queue | Villager (Male) |
| 13:14 | Build | Farm |
| 13:20 | Queue | Spearman |
| 13:29 | Queue | Villager (Male) |
| 13:31 | Build | Farm |
| 13:36 | Queue | Spearman |
| 13:39 | Queue | Villager (Male) |
| 13:55 | Queue | Villager (Male) |
| 13:58 | Build | Mining Camp |
| 14:12 | Queue | Villager (Male) |
| 14:20 | Queue | Villager (Male) |
| 14:24 | Build | House |
| 14:29 | Queue | Villager (Male) |
| 14:49 | Queue | Villager (Male) |
| 14:52 | Build | Blacksmith |
| 15:34 | Queue | Villager (Male) |
| 15:42 | Build | House |
| 15:47 | Queue | Villager (Male) |
| 15:58 | Build | Farm |
| 16:09 | Build | Archery Range |
| 16:15 | Build | House |
| 16:26 | Research | Castle Age |
| 17:07 | Build | Archery Range |
| 17:12 | Research | Gold Mining |
| 17:36 | Research | Bloodlines |
| 18:09 | Research | Fletching |
| 18:37 | Queue | Villager (Male) |
| 18:45 | Research | Padded Archer Armor |
| 19:06 | Age | Castle Age |
| 19:08 | Queue | Cavalry Archer |
| 19:08 | Queue | Cavalry Archer |
| 19:13 | Build | Town Center |
| 19:16 | Research | Bow Saw |
| 19:19 | Queue | Villager (Male) |
| 19:24 | Queue | Villager (Male) |
| 19:31 | Research | Bodkin Arrow |
| 19:32 | Queue | Villager (Male) |
| 19:32 | Queue | Cavalry Archer |
| 19:33 | Queue | Cavalry Archer |
| 19:53 | Queue | Villager (Male) |
| 19:59 | Queue | Villager (Male) |
| 20:11 | Queue | Villager (Male) |
| 20:18 | Queue | Villager (Male) |
| 20:18 | Queue | Villager (Male) |
| 20:22 | Queue | Cavalry Archer |
| 20:22 | Queue | Cavalry Archer |
| 20:23 | Queue | Villager (Male) |
| 20:28 | Queue | Villager (Male) |
| 20:28 | Queue | Villager (Male) |
| 20:29 | Queue | Villager (Male) |
| 20:35 | Queue | Villager (Male) |
| 20:35 | Queue | Villager (Male) |
| 20:36 | Queue | Villager (Male) |
| 20:40 | Queue | Villager (Male) |
| 20:40 | Queue | Villager (Male) |
| 20:45 | Build | Monastery |
| 20:45 | Queue | Villager (Male) |
| 20:47 | Queue | Villager (Male) |
| 20:51 | Queue | Villager (Male) |
| 21:00 | Queue | Villager (Male) |
| 21:01 | Queue | Cavalry Archer |
| 21:02 | Queue | Cavalry Archer |
| 21:02 | Queue | Villager (Male) |
| 21:04 | Queue | Villager (Male) |
| 21:05 | Queue | Villager (Male) |
| 21:11 | Research | Husbandry |
| 21:11 | Queue | Villager (Male) |
| 21:15 | Queue | Villager (Male) |
| 21:20 | Queue | Monk |
| 21:23 | Queue | Villager (Male) |
| 21:23 | Queue | Villager (Male) |
| 21:29 | Queue | Villager (Male) |
| 21:42 | Queue | Villager (Male) |
Match timeline
| 6:57 | LE | WilliamS · wall_segment Palisade Wall x8 |
| 7:04 | LE | WilliamS · wall_segment Palisade Wall x7 |
| 7:25 | LE | WilliamS · wall_segment Palisade Wall x4 |
| 7:26 | LE | WilliamS · wall_segment Palisade Wall x1 |
| 7:51 | LE | WilliamS · wall_segment Palisade Wall x1 |
| 8:17 | LE | WilliamS · first_building Barracks |
| 8:38 | Saturno 1343 · first_building Barracks |
| 8:51 | Saturno 1343 · age_up feudal |
| 9:16 | LE | WilliamS · age_up feudal |
| 9:17 | LE | WilliamS · first_building Stable |
| 9:19 | LE | WilliamS · wall_segment Palisade Wall x1 |
| 9:30 | Saturno 1343 · first_building Stable |
| 9:39 | LE | WilliamS · wall_segment Palisade Wall x6 |
| 10:30 | LE | WilliamS · wall_segment Palisade Wall x6 |
| 10:32 | LE | WilliamS · wall_segment Palisade Wall x4 |
| 10:33 | Saturno 1343 · wall_segment Palisade Wall x1 |
| 10:35 | Saturno 1343 · wall_segment Palisade Wall x6 |
| 11:06 | Saturno 1343 · wall_segment Palisade Wall x7 |
| 11:25 | Saturno 1343 · wall_segment Palisade Wall x1 |
| 13:20 | Saturno 1343 · wall_segment Palisade Wall x15 |
| 13:55 | Saturno 1343 · wall_segment Palisade Wall x1 |
| 14:29 | Saturno 1343 · wall_segment Palisade Wall x1 |
| 14:42 | Saturno 1343 · wall_segment Palisade Wall x10 |
| 16:09 | LE | WilliamS · first_building Archery Range |
| 16:15 | Saturno 1343 · first_market_sell 100 wood |
| 17:24 | Saturno 1343 · first_market_buy 100 food |
| 18:37 | Saturno 1343 · first_building Archery Range |
| 19:06 | LE | WilliamS · age_up castle |
| 20:10 | Saturno 1343 · age_up castle |
| 20:19 | Saturno 1343 · first_building Monastery |
| 20:45 | LE | WilliamS · first_building Monastery |
| 22:38 | Saturno 1343 · wall_segment Palisade Wall x1 |
| 23:01 | Saturno 1343 · wall_segment Palisade Wall x1 |
| 23:40 | Saturno 1343 · wall_segment Palisade Wall x1 |
| 24:13 | Saturno 1343 · wall_segment Palisade Wall x1 |
| 27:58 | Saturno 1343 · first_building Siege Workshop |
| 28:10 | Saturno 1343 · wall_segment Palisade Wall x3 |
| 30:38 | LE | WilliamS · first_building Siege Workshop |
| 30:58 | LE | WilliamS · first_building Castle |
| 34:22 | LE | WilliamS · first_market_buy 500 food |
| 37:51 | LE | WilliamS · age_up imperial |
| 38:36 | Saturno 1343 · age_up imperial |
| 41:53 | Saturno 1343 · first_building Castle |
| 42:06 | Saturno 1343 · resign |
[ AI ANALYSIS · 1 CREDIT ]
What really happened in this match?
Wolo.gg analyzes every decision: build order, eco, micro, common mistakes by bracket. Personalized analysis on WhatsApp or Discord in 30 seconds.
Civ guide
Georgians
Perfil
Saturno 1343